 Dungeon Sprint DCSS version 0.28.0 (webtiles) character file.

Game seed: 10627642000135576773

966 boopmooplesden the Protected (level 7, -2/73 HPs)
             Began as a Minotaur Fighter on Feb 5, 2022.
             Was a Follower of Okawaru.
             Killed from afar by an oklob plant (14 damage)
             ... with a splash of acid
             ... in the Dungeon (Sprint IV: "Fedhas' Mad Dash").
             The game lasted 00:03:40 (1842 turns).

boopmooplesden the Protected (Minotaur Fighter)     Turns: 1842, Time: 00:03:41

Health: -2/73      AC:  1    Str: 32    XL:     7   Next: 93%
Magic:  5/6        EV: 10    Int:  7    God:    Okawaru [*.....]
Gold:   71         SH:  6    Dex:  9    Spells: 6/6 levels left

rFire   . . .      SeeInvis .   l - +8 mace "Vunumouq" {flame, Fly rC- Str+9 Int+2}
rCold   x . .      Faith    .   c - +1 buckler
rNeg    . . .      Spirit   .   b - +0 scale mail
rPois   .          Reflect  .   (helmet restricted)
rElec   .          Harm     .   (no cloak)
rCorr   .          Rampage  .   (no gloves)
Will    .....      NoTele   +   (no boots)
Stlth   ..........              e - amulet of invisibility {+Inv}
HPRegen 0.22/turn               (no ring)
MPRegen 0.10/turn               (no ring)

@: corroded, flying, very slightly contaminated, invisible
A: horns 2, retaliatory headbutt
a: Renounce Religion, Evoke Invisibility, Heroism


You were in the Dungeon.
You worshipped Okawaru.
Okawaru was aware of your devotion.
You visited 1 branch You collected 153 gold pieces.
You spent 82 gold pieces at shops.

Inventory:

Hand Weapons
 a - a +0 long sword
 l - the +8 mace "Vunumouq" (weapon) {flame, Fly rC- Str+9 Int+2}
   (You found it in the Dungeon)

   It burns those it strikes, dealing additional fire damage.
   Str:       It affects your strength (+9).
   Int:       It affects your intelligence (+2).
   rC:        It makes you vulnerable to cold.
   Fly:       It grants you flight.
Missiles
 m - 2 poisoned darts (quivered)
Armour
 b - a +0 scale mail (worn)
 c - a +1 buckler (worn)
Jewellery
 e - the amulet of invisibility (around neck) {+Inv}
   (You found it in the Dungeon)

   [amulet of nothing]

   +Inv:      It lets you turn invisible.
Wands
 j - a wand of polymorph (6)
Potions
 d - a potion of brilliance {unknown}
 f - a potion of heal wounds
 g - a potion of haste
 h - 2 potions of magic
 i - a potion of berserk rage
 k - a potion of curing


   Skills:
 + Level 10.7 Fighting
 + Level 8.2 Long Blades
 + Level 5.6 Maces & Flails
 + Level 1.0 Throwing
 + Level 11.1 Armour
 + Level 2.6 Dodging
 + Level 2.4 Stealth
 + Level 8.7 Shields
 + Level 0.3 Invocations
 + Level 4.4 Evocations


You had 6 spell levels left.
You didn't know any spells.
Your spell library was empty.

Dungeon Overview and Level Annotations

Branches:
Dungeon (1/1)

Altars:
Cheibriados
Dithmenos
Elyvilon
Gozag
Hepliaklqana
Kikubaaqudgha
Makhleb
Nemelex Xobeh
Okawaru
Qazlal
Ru
Sif Muna
Trog
Uskayaw
Vehumet
Wu Jian
Xom
Yredelemnul
Zin
The Shining One
Beogh
Jiyva
Lugonu

Shops:
D ((*=

Annotations:
D exclusion: oklob plant


Innate Abilities, Weirdness & Mutations

You have a pair of horns on your head.
You reflexively headbutt those who attack you in melee.


Message History

You sock the queen bee! You burn the queen bee.
You kill the queen bee!
Okawaru accepts your kill.
Your Long Blades skill increases to level 8!
Your Maces & Flails skill increases to level 5!
Your Throwing skill increases to level 1!
Your Armour skill increases to level 11!
Unknown command.
You see here a queen bee corpse.
Unknown command.
You start resting.
HP restored.
You fade into invisibility!
You are very lightly contaminated with residual magic.
You reach down and open the door.
An oklob plant comes into view.
Marking area around an oklob plant as unsafe for travelling.
Found 8 gold pieces and a glowing golden ring.
There is an open door here.
The oklob plant spits acid at you. The splash of acid hits you!
The acid corrodes you!
You sock the oklob plant! You burn the oklob plant.
You headbutt the oklob plant!
The oklob plant is moderately damaged.
You hit the oklob plant. You burn the oklob plant.
The oklob plant is heavily damaged.
The oklob plant spits acid at you. The splash of acid hits you!!
The acid corrodes you!
You hit the oklob plant but do no damage.
The oklob plant is moderately damaged.
The oklob plant spits acid at you. The splash of acid hits you!!
* * * LOW HITPOINT WARNING * * *
You hit the oklob plant. You burn the oklob plant.
The oklob plant is heavily damaged.
You hit the oklob plant but do no damage.
The oklob plant is heavily damaged.
The oklob plant spits acid at you. The splash of acid hits you!
You die...

#<..P#.....#.....#.
#PP..÷.....'.#...'.
#PPPP#.....#.#...#.
###############'##.
#...♣.......†'...#.
#......♣....†#...##
#.....♣..♣..######
##'####+##### #$@#
#P=# ####


You could see an oklob plant.

Vanquished Creatures
  A queen bee (D)
  A burning bush (D)
  3 scorpions (D)
  4 killer bees (D)
  4 oklob saplings (D)
  2 spriggans (D)
  A river rat (D)
  2 wandering mushrooms (D)
  A rat (D)
19 creatures vanquished.

Notes
Turn   | Place    | Note
-------+----------+-------------------------------------------
     0 | D        | boopmooplesden the Minotaur Fighter began the quest for the
                  | Orb.
     0 | D        | Reached XP level 1. HP: 19/19 MP: 0/0
    13 | D        | Reached skill level 4 in Armour
    13 | D        | Reached XP level 2. HP: 17/28 MP: 1/1
   138 | D        | Noticed a scorpion
   138 | D        | Found the amulet of invisibility {+Inv}
   145 | D        | Killed a scorpion
   146 | D        | Reached skill level 6 in Armour
   146 | D        | Reached XP level 3. HP: 4/38 MP: 2/2
   146 | D        | Reached XP level 4. HP: 5/45 MP: 3/3
   364 | D        | Reached skill level 7 in Armour
   489 | D        | Found an opulent altar of Gozag.
   489 | D        | Found a hazy altar of Hepliaklqana.
   489 | D        | Found a snail-covered altar of Cheibriados.
   496 | D        | Found a viscous altar of Jiyva.
   496 | D        | Found a burning altar of Makhleb.
   496 | D        | Found a sparkling altar of Nemelex Xobeh.
   496 | D        | Found a sacrificial altar of Ru.
   496 | D        | Found a shimmering blue altar of Sif Muna.
   496 | D        | Found a bloodstained altar of Trog.
   496 | D        | Found an ornate altar of the Wu Jian Council.
   496 | D        | Found a shimmering altar of Xom.
   496 | D        | Found a basalt altar of Yredelemnul.
   497 | D        | Found an iron altar of Okawaru.
   497 | D        | Found a shadowy altar of Dithmenos.
   497 | D        | Found a glowing silver altar of Zin.
   498 | D        | Found an ancient bone altar of Kikubaaqudgha.
   498 | D        | Found a hide-covered altar of Uskayaw.
   499 | D        | Found a stormy altar of Qazlal.
   499 | D        | Found a white marble altar of Elyvilon.
   499 | D        | Found a glowing golden altar of the Shining One.
   500 | D        | Found a corrupted altar of Lugonu.
   500 | D        | Found a radiant altar of Vehumet.
   510 | D        | HP: 2/47 [oklob sapling priest/splash of acid (10)]
   512 | D        | Reached skill level 1 in Evocations
   512 | D        | Reached XP level 5. HP: 3/53 MP: 2/4
   528 | D        | Became a worshipper of Warmaster Okawaru
   819 | D        | Reached skill level 5 in Long Blades
   819 | D        | Reached skill level 8 in Armour
   824 | D        | Identified the +8 mace "Vunumouq" {flame, Fly rC- Str+9
                  | Int+2}
   991 | D        | Reached skill level 1 in Stealth
   991 | D        | Reached XP level 6. HP: 50/63 MP: 5/5
   999 | D        | Found Zoesk's Antique Weapon Shop.
   999 | D        | Found Gyrusyn's Weapon Emporium.
  1008 | D        | Noticed a burning bush
  1008 | D        | Noticed a wandering mushroom
  1322 | D        | Noticed a wandering mushroom
  1327 | D        | Reached skill level 1 in Maces & Flails
  1327 | D        | Reached skill level 9 in Armour
  1359 | D        | Reached skill level 1 in Dodging
  1634 | D        | Killed a burning bush
  1634 | D        | Reached * piety under Okawaru
  1635 | D        | Reached skill level 10 in Fighting
  1635 | D        | Reached skill level 10 in Armour
  1635 | D        | Reached XP level 7. HP: 65/72 MP: 6/6
  1636 | D        | Found Imik Ete's Jewellery Emporium.
  1636 | D        | Found Lununk's General Store.
  1665 | D        | Bought a scroll of enchant armour for 82 gold pieces
  1707 | D        | Noticed a queen bee
  1725 | D        | Killed a queen bee
  1726 | D        | Reached skill level 5 in Maces & Flails
  1726 | D        | Reached skill level 1 in Throwing
  1726 | D        | Reached skill level 11 in Armour
  1835 | D        | Noticed an oklob plant
  1842 | D        | Killed from afar by an oklob plant

Illustrated notes

Levels and vault maps discovered:
D:        dungeon_sprint_fedhas [sprint_temple]

Skill      XL: |  1  2  3  4  5  6  7 |
---------------+----------------------+-----
Fighting       | 4 6 8 9 10 | 10.7
Armour         | 4 6 7 8 10 11 | 11.1
Shields        | 4 6 7 8 |  8.7
Long Blades    | 3 4 5 7 8 |  8.2
Evocations     | 1 2 3 4 |  4.4
Stealth        | 1 2 |  2.4
Maces & Flails | 3 5 |  5.6
Dodging        | 1 2 |  2.6
Throwing       | 1 |  1.0
Invocations    | |  0.3

Action                   |  1- 3 |  4- 6 |  7- 9 || total
-------------------------+-------+-------+-------++-------
Melee: Long sword        |    11 |    18 |       ||    29
       Headbutt          |     1 |    10 |     3 ||    14
       Mace              |       |    17 |    15 ||    32
Throw: Dart              |       |     2 |       ||     2
Invok: Heroism           |       |       |     1 ||     1
 Abil: Evoke Invisibilit |       |     3 |     1 ||     4
  Use: Potion            |     1 |     1 |       ||     2
       Scroll            |     1 |       |     1 ||     2
 Stab: Invisible         |       |     1 |       ||     1
Armor: Scale mail        |     2 |     3 |     8 ||    13
Dodge: Dodged            |     7 |     9 |     9 ||    25
Block: Buckler           |     1 |     2 |     8 ||    11
